 Dungeon Crawl Stone Soup version 0.29-a0-690-g32ab5fea29 (webtiles) character file.

Game seed: 5860760513915965530

35 KristoblXynda the Slasher (level 3, 0/30 HPs)
             Began as a Draconian Gladiator on June 25, 2022.
             Slain by an adder (2 damage)
             ... on level 2 of the Dungeon.
             The game lasted 00:00:31 (592 turns).

KristoblXynda the Slasher (Draconian Gladiator)      Turns: 592, Time: 00:00:31

Health: 0/30       AC:  5    Str: 16    XL:     3   Next: 17%
Magic:  3/3        EV: 13    Int:  8    God:
Gold:   20         SH:  0    Dex: 14    Spells: 2/2 levels left

rFire   . . .      SeeInvis .   a - +0 long sword
rCold   . . .      Faith    .   (no shield)
rNeg    . . .      Spirit   .   (body armour unavailable)
rPois   .          Reflect  .   b - +0 hat
rElec   .          Harm     .   (no cloak)
rCorr   .          Rampage  .   (no gloves)
Will    .....                   (no boots)
Stlth   +.........              (no amulet)
HPRegen 0.10/turn               (no ring)
MPRegen 0.08/turn               (no ring)

@: no status effects
A: AC +5, unfitting armour, cold-blooded
a: no special abilities


You were on level 2 of the Dungeon.
You visited 1 branch of the dungeon, and saw 2 of its levels.

You collected 20 gold pieces.

Inventory:

Hand Weapons
 a - a +0 long sword (weapon)
Missiles
 c - 3 throwing nets (quivered)
 d - a javelin
Armour
 b - a +0 hat (worn)
Scrolls
 e - a scroll of silence {unknown}
Potions
 f - a potion of heal wounds {unknown}


   Skills:
 + Level 2.7 Fighting
 * Level 3.5 Long Blades
 - Level 2.0 Throwing
 + Level 3.0 Dodging


You had 2 spell levels left.
You didn't know any spells.
Your spell library was empty.

Dungeon Overview and Level Annotations

Branches:
Dungeon (1/15)

Altars:


Innate Abilities, Weirdness & Mutations

Your plain brown scales are hard. (AC +5)
You cannot fit into any form of body armour.
You are cold-blooded and may be slowed by cold attacks.


Message History

The endoplasm freezes you.
You are frozen.
* * * LOW HITPOINT WARNING * * *
The adder completely misses you. The adder attacks as you move away!
The adder completely misses you.
You feel sick.
You are no longer poisoned.
The adder misses you.
Okay, then.
The endoplasm freezes you.
You are frozen.
* * * LOW HITPOINT WARNING * * *
You feel as though you will be slow longer.
You completely miss the endoplasm.
The endoplasm hits you but does no damage. x2
You hit the endoplasm.
The endoplasm is severely wounded.
The endoplasm completely misses you. The endoplasm freezes you.
You are frozen.
* * * LOW HITPOINT WARNING * * *
You feel as though you will be slow longer.
You slash the endoplasm!
You kill the endoplasm!
The adder misses you.
You miss the adder.
The adder is severely wounded.
The adder barely misses you. The adder closely misses you.
The adder barely misses you.
You barely miss the adder.
The adder is severely wounded.
You feel yourself speed up. The adder closely misses you.
The adder bites you but does no damage.
You closely miss the adder.
The adder is severely wounded.
The adder closely misses you. The adder misses you.
You barely miss the adder.
The adder is severely wounded.
The adder bites you.
You die...

. # [## #.###
..# #....####
#.# ##..#....###
#.# ###
#..........# #.#
#.> .###...##.#
#.# #.# ##..##S#
#.# #.# ##$$#@#
##.# #.# ...#.#
#..# #.# ...##.#
#.## #.#
...###.##
#.#####.# ####
#..###...#
#........
.....######....#
#..####.#
#.............#
#..####.#
#.####.#####.##
#........
#.......#
#..#####.


You could see an adder.

Vanquished Creatures
  2 adders (D:2)
  A worm (D:2)
  2 endoplasms
  2 goblins (D:1)
  A jackal (D:2)
  A quokka (D:1)
  A ball python (D:1)
  A bat (D:2)
  3 kobolds
  A rat (D:2)
15 creatures vanquished.

Notes
Turn   | Place    | Note
-------+----------+-------------------------------------------
     0 | D:1      | KristoblXynda the Draconian Gladiator began the quest for
                  | the Orb.
     0 | D:1      | Reached XP level 1. HP: 17/17 MP: 1/1
   218 | D:1      | You fall into a shaft and drop 1 floor!
   232 | D:2      | Reached XP level 2. HP: 22/25 MP: 2/2
   501 | D:2      | Reached XP level 3. HP: 26/30 MP: 3/3
   586 | D:2      | HP: 1/30 [frozen (3)]
   592 | D:2      | Slain by an adder

Illustrated notes

Levels and vault maps discovered:
D:1:      saegor_arrival_miasma, layout_basic,
          hellmonk_ecumenical_altar_inner_sanctum, serial_shops,
          nicolae_shop_advertising_works [nicolae_subvault_shop_adworks], shop,
          shop
D:2:      layout_loops_ring, serial_shops,
          nicolae_shop_competitors_out_of_business, minmay_cupped

Skill      XL: |  1  2 |
---------------+-------+-----
Throwing       | 2 |  2.0
Dodging        | 3 |  3.0
Fighting       | |  2.7
Long Blades    | |  3.5

Action                   || total
-------------------------++-------
Melee: Long sword        ||    50
       Punch             ||     2
       Tailslap          ||     5
Armor: Skin              ||    20
Dodge: Dodged            ||    47

Table legend: (Time is in decaauts)
 A = Elapsed time spent in this place.
 B = Non-inter-level travel time spent in this place.
 C = Inter-level travel time spent in this place.
 D = Time resting spent in this place.
 E = Time spent auto-exploring this place.
 F = Levels seen in this place.
 G = Mean time per level.
                   A        B        C        D        E       F      G
               +--------+--------+--------+--------+--------+-----+--------+
         Total |    613 |    613 |      0 |      0 |    501 |   2 |  306.5 |
       Dungeon |    613 |    613 |      0 |      0 |    501 |   2 |  306.5 |
               +--------+--------+--------+--------+--------+-----+--------+

Top non-repeatable levels by time:
     D:2: 391 daAuts
     D:1: 222 daAuts
